 Seeded DCSS version 0.26.1-11-gd32895ea62 (webtiles) character file.

Game seed: 17431940009199504417 (custom seed)

25 oldmanjim the Firebug (level 3, 0/35 HPs)
             Began as an Ogre Fire Elementalist on May 8, 2021.
             Slain by a gnoll
             ... wielding a +0 halberd
              (8 damage)
             ... on level 1 of the Dungeon.
             The game lasted 00:07:04 (990 turns).

oldmanjim the Firebug (Ogre Fire Elementalist)       Turns: 990, Time: 00:07:05

Health: 0/35       AC: 11    Str: 12    XL:     3   Next: 4%
Magic:  7/7        EV:  6    Int: 17    God:
Gold:   86         SH:  0    Dex:  9    Spells: 7/8 levels left

rFire    . . .     SeeInvis .   g - +1 dagger (vamp)
rCold    . . .     Faith    .   (no shield)
rNeg     + . .     Spirit   .   b - +0 pearl dragon scales
rPois    .         Reflect  .   (helmet restricted)
rElec    .         Harm     .   (no cloak)
rCorr    .         Rampage  .   (gloves unavailable)
Will     .....                  (boots unavailable)
Stlth    ..........             (no amulet)
HPRegen  0.11/turn              (no ring)
MPRegen  0.10/turn              (no ring)

@: no status effects
A: large, unfitting armour, tough skin 1
a: no special abilities


You were on level 1 of the Dungeon.
You visited 1 branch of the dungeon, and saw 2 of its levels.

You collected 86 gold pieces.

Inventory:

Hand Weapons
 g - a +1 vampiric dagger (weapon)
Missiles
 c - 5 stones
Armour
 a - a +0 robe
 b - +0 pearl dragon scales (worn)
Scrolls
 e - a scroll of fog {unknown}
 f - a scroll of immolation {unknown}
 k - a scroll of teleportation {unknown}
 l - 2 scrolls of fear {unknown}
 m - a scroll of remove curse {unknown}
Potions
 d - a potion of ambrosia {unknown}
 h - a potion of haste {unknown}
 i - a potion of mutation {unknown}
 j - 2 potions of curing


   Skills:
 + Level 1.8 Fighting
 - Level 2.0 Dodging
 - Level 1.4 Stealth
 - Level 3.0 Spellcasting
 + Level 0.9 Conjurations
 - Level 3.0 Fire Magic


You had 7 spell levels left.
You knew the following spells:

 Your Spells              Type           Power        Failure   Level
a - Foxfire               Conj/Fire      36%          54%         1

Your spell library contained the following spells:

 Spells                   Type           Power        Failure   Level
 Conjure Flame            Conj/Fire      9%           88%         3
 Inner Flame              Hex/Fire       7%           92%         3
 Sticky Flame             Conj/Fire      9%           99%         4
 Fireball                 Conj/Fire      4%           100%        5


Dungeon Overview and Level Annotations

Branches:
Dungeon (2/15)

Altars:


Innate Abilities, Weirdness & Mutations

You are too large for most types of armour.
You have tough skin. (AC +1)


Message History

The gnoll is heavily wounded.
The gnoll hits you but does no damage. The gnoll barely misses you.
You hit the gnoll.
You feel better.
The gnoll is heavily wounded.
The gnoll barely misses you. The gnoll hits you with a +0 flail.
You barely miss the gnoll.
The gnoll is heavily wounded.
The gnoll hits you with a +0 halberd. The gnoll hits you with a +0 flail.
* * * LOW HITPOINT WARNING * * *
You barely miss the gnoll.
The gnoll is heavily wounded.
The gnoll barely misses you.
You hit the gnoll.
The gnoll is severely wounded.
The gnoll hits you with a +0 flail.
* * * LOW HITPOINT WARNING * * *
You hit the gnoll.
You feel better.
You kill the gnoll!
The gnoll hits you with a +0 halberd!
You die...

# #.##.##.#
#.............# #
#.##.##.#
###########.#.# #
#....##†# ##.#.# #
#######.#
##########....# #
#.#
#.............# #
########.#
#.########....# #
#....)...# #.#
####'####
#.######## #)#
##...##. #.# #@#
##.....##
###.####### #g#
##.8...8.#
..........# #.#
##.#.....#.
###.#####.# #.#
###...8...8.. #.#
#.#
#.####.'..........
#.# #.#
#......#...8...8..
#.# #.#
#########.#.....#.
#.# #.###
##.8...8.# ###.#
#...# ##.....##


You could see a gnoll.

Vanquished Creatures
  A gnoll (D:1)
  A leopard gecko (D:1)
  A giant cockroach (D:1)
  3 goblins (D:1)
  2 hobgoblins (D:1)
  4 bats (D:1)
  A frilled lizard (D:1)
  4 kobolds (D:1)
  9 rats
26 creatures vanquished.

Notes
Turn   | Place    | Note
-------+----------+-------------------------------------------
     0 | D:1      | oldmanjim the Ogre Fire Elementalist began the quest for
                  | the Orb.
     0 | D:1      | Reached XP level 1. HP: 16/16 MP: 3/3
   231 | D:1      | Reached XP level 2. HP: 24/26 MP: 5/5
   291 | D:1      | Reached skill level 1 in Fighting
   787 | D:1      | Reached XP level 3. HP: 35/35 MP: 7/7
   990 | D:1      | Slain by a gnoll

Illustrated notes

Levels and vault maps discovered:
D:1:      erik_arrival_orb_chamber, layout_loops_ring, minmay_misc_feat_roman,
          dk_noncrumbling_3
D:2:      layout_loops_ring, marbit_many_paths, yredelemnul_altar_generic,
          chequers_ecumenical_altar_simple_redux, hex_large,
          minmay_shallow_snake_nest, uniq_terence

Skill      XL: |  1  2 |
---------------+-------+-----
Dodging        | 2 |  2.0
Fighting       | 1 |  1.8
Fire Magic     | 3 |  3.0
Spellcasting   | 3 |  3.0
Stealth        | |  1.4
Conjurations   | |  0.9

Action                   || total
-------------------------++-------
Melee: Unarmed           ||    40
       Dagger            ||    76
Armor: Pearl dragon scal ||    82
Dodge: Dodged            ||    45
